 Dungeon Crawl Stone Soup version 0.21.0 (webtiles) character file.

144 MovingMist the Skirmisher (level 5, 0/34 HPs)
             Began as a Gargoyle Fighter on Jan 6, 2018.
             Slain by Grinder (7 damage)
             ... on level 3 of the Dungeon.
             The game lasted 00:04:29 (1857 turns).

MovingMist the Skirmisher (Gargoyle Fighter)        Turns: 1857, Time: 00:04:30

Health: 0/34       AC: 11    Str: 19    XL:     5   Next: 27%
Magic:  5/5        EV:  8    Int:  9    God:
Gold:   92         SH:  9    Dex: 10    Spells: 4/4 levels left

rFire    . . .     SeeInvis .   a - +0 war axe
rCold    + . .     Gourm    .   c - +0 shield
rNeg     + . .     Faith    .   b - +0 scale mail
rPois    ∞         Spirit   .   (no helmet)
rElec    +         Reflect  .   (no cloak)
rCorr    .         Harm     .   (no gloves)
MR       .....                  (no boots)
Stlth    ..........             (no amulet)
HPRegen  0.11/turn              k - ring of protection from cold
MPRegen  0.09/turn              (no ring)

@: no status effects
A: negative energy resistance 1, electricity resistance, unbreathing,
petrification resistance, rot immunity, AC +4
a: no special abilities


You were on level 3 of the Dungeon.
You were hungry.

You visited 1 branch of the dungeon, and saw 3 of its levels.

You collected 92 gold pieces.

Inventory:

Hand Weapons
 a - a +0 war axe (weapon)
Armour
 b - a +0 scale mail (worn)
 c - a +0 shield (worn)
 q - a +0 cloak
Jewellery
 k - a ring of protection from cold (left hand)
Wands
 o - a wand of random effects (28)
Scrolls
 e - a scroll of identify {unknown}
 h - 2 scrolls of teleportation {unknown}
 j - a scroll of remove curse {unknown}
 n - a scroll of enchant armour {unknown}
Potions
 g - a potion of heal wounds {unknown}
 i - a potion of brilliance {unknown}
 l - 2 potions of agility
 m - a potion of lignification {unknown}
 p - 2 potions of flight {unknown}
Comestibles
 f - 4 rations


   Skills:
 + Level 4.3 Fighting
 + Level 2.7 Axes
 + Level 4.2 Armour
 + Level 1.7 Dodging
 - Level 3.3 Shields


You had 4 spell levels left.
You didn't know any spells.

Dungeon Overview and Level Annotations

Branches:
Dungeon (3/15)

Altars:

Annotations:
D:3 Grinder


Innate Abilities, Weirdness & Mutations

You are resistant to torment.
Your stone body is resilient. (AC +4)
You are immune to poison.
You resist negative energy. (rN+)
You are resistant to electric shocks. (rElec)
You can survive without breathing.
You are immune to petrification.
You are immune to rotting.


Message History

Grinder is moderately wounded.
Grinder gestures at you. You resist with significant effort.
Your shield and scale mail prevent you from hitting Grinder.
Grinder is moderately wounded.
Grinder hits you but does no damage.
Grinder says, "I used to sell toenails on the black market."
Grinder hits you.
* * * LOW HITPOINT WARNING * * *
You closely miss Grinder.
Grinder is moderately wounded.
Grinder hits you but does no damage.
You hit Grinder.
Grinder is moderately wounded.
Grinder hits you but does no damage.
Your shield and scale mail prevent you from hitting Grinder.
Grinder is moderately wounded.
Grinder says, "Wait up."
Grinder barely misses you. Grinder hits you!
You die...

#.#... #..... # #. #..... ..
#. ########.####.....
...##.#####.......$.........
...........@...# #...#......
........####5..# #....§....
......#..###...####...#..(.[
..... ##..##..............K.
.... ##.......###.K..####.
... ####.%.<##..##K.###. ..
#....(...#....#.. .
########...##...# #.(.....##


You could see Grinder.

Vanquished Creatures
  A jelly (D:3)
  Ijyb (D:2)
  4 gnolls (D:2)
  An adder (D:2)
  3 leopard geckos
  6 bats
  2 giant cockroaches (D:1)
  3 goblins
  5 hobgoblins
  6 kobolds
  2 frilled lizards
  8 rats
42 creatures vanquished.

Vanquished Creatures (others)
  An orc (D:3)
1 creature vanquished.

Grand Total: 43 creatures vanquished

Notes
Turn   | Place    | Note
-------+----------+-------------------------------------------
     0 | D:1      | MovingMist the Gargoyle Fighter began the quest for the Orb.
     0 | D:1      | Reached XP level 1. HP: 14/14 MP: 1/1
   117 | D:1      | Reached XP level 2. HP: 19/19 MP: 2/2
   764 | D:1      | Reached XP level 3. HP: 21/24 MP: 3/3
  1008 | D:2      | Reached skill level 1 in Dodging
  1243 | D:3      | Noticed Grinder
  1246 | D:3      | Paralysed by Grinder for 2 turns
  1247 | D:3      | Noticed Ijyb
  1270 | D:3      | Paralysed by Grinder for 3 turns
  1310 | D:2      | Killed Ijyb
  1310 | D:2      | Reached XP level 4. HP: 26/29 MP: 4/4
  1828 | D:3      | Reached XP level 5. HP: 31/33 MP: 5/5
  1857 | D:3      | Slain by Grinder

Skill      XL: |  1  2  3  4 |
---------------+-------------+-----
Axes           | 2 |  2.7
Dodging        | 1 |  1.7
Fighting       | 4 |  4.3
Armour         | 4 |  4.2
Shields        | |  3.3

Action                   |  1- 3 |  4- 6 || total
-------------------------+-------+-------++-------
Melee: War axe           |   155 |    43 ||   198
  Use: Potion            |       |     1 ||     1
  Eat: Chunk             |     1 |     2 ||     3
Armor: Scale mail        |    89 |    29 ||   118
Dodge: Dodged            |    54 |    27 ||    81
Block: Shield            |   110 |    27 ||   137
